 Dungeon Crawl Stone Soup version 0.18.1-50-g88ac8fd (webtiles) character file.

57969 coolsiideri the Cleaver (level 14, -21/116 HPs)
             Began as a Demonspawn Berserker on Oct 23, 2016.
             Was a High Priest of Trog.
             Demolished by a white ugly thing (23 damage)
             ... on level 2 of the Depths.
             The game lasted 00:43:03 (16037 turns).

coolsiideri the Cleaver (Demonspawn Berserker)     Turns: 16037, Time: 00:43:04

Health: -21/116    AC: 22    Str: 25    XL:     14   Next: 47%
Magic:  14/14      EV: 14    Int:  7    God:    Trog [*****.]
Gold:   493        SH:  0    Dex: 13    Spells: 0 memorised, 13 levels left

rFire  + . .     SeeInvis .     O - +2 battleaxe (freeze)
rCold  . . .     Gourm    .     U - +2 plate armour
rNeg   . . .     Faith    .     (shield currently unavailable)
rPois  .         Spirit   .     (helmet restricted)
rElec  .         Dismiss  .     o - +2 cloak
rCorr  .         Reflect  .     (no gloves)
SustAt .         Harm     .     z - +0 pair of boots
MR     +++..                    (no amulet)
Stlth  ..........               S - +3 ring of strength
                                s - ring of protection from fire

@: exhausted, regenerating, slowed, very slow, extremely resistant to hostile
enchantments, extremely unstealthy
A: fangs 1, horns 2, talons 1, repulsion field 2, dopey 1, foul stench 1,
regeneration 1, spiny 3, rot immunity
a: Berserk, Trog's Hand, Brothers in Arms, Burn Spellbooks, Renounce Religion


You were on level 2 of the Depths.
You worshipped Trog.
Trog was extremely pleased with you.
You were not hungry.

You visited 2 branches of the dungeon, and saw 17 of its levels.

You collected 1117 gold pieces.
You spent 624 gold pieces at shops.

Inventory:

Hand Weapons
 O - a +2 battleaxe of freezing (weapon)
Armour
 e - a mottled dragon hide
 o - a +2 cloak (worn)
 p - a fire dragon hide
 z - a +0 pair of boots (worn)
 U - a +2 plate armour (worn)
Jewellery
 h - the ring "Fowir" {*Confuse rPois rF+ Str+8 Dex-3, unknown}
   (You found it on level 15 of the Dungeon)

   [ring of protection from fire]

   It affects your strength (+8).
   It affects your dexterity (-3).
   It protects you from fire.
   It protects you from poison.
   It may confuse you when you take damage.
 l - an uncursed ring of resist corrosion {unknown}
 s - a ring of protection from fire (left hand)
 S - a +3 ring of strength (right hand)
Wands
 G - a wand of lightning (5/15)
 J - a wand of iceblast (3/15)
Scrolls
 g - 3 scrolls of blinking {unknown}
 j - 5 scrolls of recharging
 m - 2 scrolls of magic mapping {unknown}
 r - a scroll of amnesia {unknown}
 t - 2 scrolls of immolation {unknown}
 y - 4 scrolls of teleportation {unknown}
 A - a scroll of enchant armour
 B - a scroll of enchant weapon {unknown}
 H - 6 scrolls of remove curse
 N - a scroll of noise {unknown}
 T - a scroll of identify
 Y - a scroll of fog
Potions
 a - 2 potions of might {unknown}
 d - 2 potions of cure mutation {unknown}
 k - 2 potions of heal wounds {unknown}
 n - a potion of lignification {unknown}
 q - a potion of beneficial mutation {unknown}
 u - 2 potions of agility {unknown}
 v - 6 potions of curing {unknown}
 x - a potion of resistance {unknown}
 C - a potion of ambrosia {unknown}
 D - 2 potions of brilliance {unknown}
 E - a potion of flight {unknown}
 F - 2 potions of haste
 I - a potion of magic {unknown}
 K - 2 potions of degeneration {unknown}
Comestibles
 b - 10 fruits
 c - 2 bread rations
 f - 9 meat rations
 i - 5 beef jerkies
 M - 2 slices of pizza


   Skills:
 + Level 12.3 Fighting
 + Level 14.3 Axes
 + Level 12.1 Armour
 + Level 8.9 Dodging
 + Level 3.4 Stealth


You had 13 spell levels left.
You didn't know any spells.

Dungeon Overview and Level Annotations

Branches:
Dungeon (15/15)              Lair (0/8) D:8             Orc (0/2) D:10
 Vaults (0/5) D:13         Depths (2/5) D:15
 Temple: D:4-7

Altars:
Ashenzari
Elyvilon
Fedhas
Gozag
Okawaru
Ru
Sif Muna
Yredelemnul
Zin
The Shining One
Jiyva

Shops:
D:12 *:?*?   D:15 ?

Portals:
Abyss: Depths:1

Annotations:
D:14 exclusion: Roxanne, Roxanne


Innate Abilities, Weirdness & Mutations

You have a pair of horns on your head.
You are surrounded by a moderate repulsion field (EV +3).
You may emit foul miasma when damaged in melee.
You are completely covered in sharp spines.
You are immune to rotting.
You have very sharp teeth.
You have sharp toenails.
You are dopey. (Int -2)
Your natural rate of healing is unusually fast.


Message History

Your skin crawls.
You feel resistant to hostile enchantments.
You feel slightly more hungry.
The elephant changes into an octopode!
The octopode completely misses you.
The white ugly thing is engulfed in dark miasma.
The white ugly thing is poisoned.
The white ugly thing is struck by your spines.
The white ugly thing punches you but does no damage.
The octopode barely misses you.
You're too exhausted to go berserk.
You slash the octopode! You freeze the octopode.
The octopode is severely wounded.
You slash the white ugly thing! You freeze the white ugly thing.
The white ugly thing is severely wounded.
The octopode changes into a manticore!
The white ugly thing is engulfed in dark miasma.
The white ugly thing looks even sicker.
The white ugly thing punches you!
* * * LOW HITPOINT WARNING * * *
The white ugly thing freezes you!!
You die... . ##############.... #....†.†Hu@x...... #..################

You could see a white ugly thing, an octopode shaped shifter and a manticore shaped shifter.

Vanquished Creatures
  A fire giant (Depths:1)
  Maud (D:14)
  3 very ugly things (Depths:2)
  3 stone giants (Depths:1)
  A salamander stormcaller (D:14)
  An ettin (Depths:1)
  3 vault guards (D:13)
  The ghost of GordonOverkill the Severer, a journeyman MiBe of Trog (D:12)
  2 fire dragons
  An entropy weaver (Depths:1)
  The ghost of SexyTroll44 the Nimble, a journeyman GrFi of the Shining One (D:13)
  2 hydras
  2 centaur warriors
  An ogre mage (Depths:1)
  5 tengu warriors
  3 unseen horrors
  2 skeletal warriors (D:15)
  A flayed ghost (D:15)
  7 hill giants
  An orc knight (D:15)
  A wizard (D:13)
  4 necromancers
  12 ugly things
  A cyclops (D:12)
  3 salamanders (D:14)
  Maurice (D:10)
  Psyche (D:8)
  A gargoyle (D:15)
  A yaktaur (Depths:1)
  A tengu conjurer (D:14)
  A merfolk (D:9)
  2 trolls
  The ghost of Blank the Twirler, an amateur MiGl (D:4)
  An ice dragon zombie (D:15)
  3 two-headed ogres
  A stone giant simulacrum (Depths:1)
  A slime creature (D:13)
  A fire dragon zombie (D:15)
  A frost giant simulacrum (Depths:1)
  Sigmund (D:3)
  A shadow (D:12)
  2 wraiths
  12 yaks
  A wyvern (D:14)
  2 redbacks (Depths:1)
  Eustachio (D:4)
  A basilisk (D:12)
  19 humans (D:13)
  A steam dragon (D:12)
  3 hungry ghosts
  4 vampire mosquitoes
  Edmund (D:4)
  3 mottled dragons
  2 hippogriffs (D:12)
  3 ice beasts
  A soldier ant (D:13)
  9 orc warriors
  2 phantoms
  5 sky beasts
  2 black bears
  A wasp (D:7)
  10 ogres
  5 centaurs
  A crocodile (D:9)
  Blork the orc (D:6)
  2 big kobolds (D:9)
  9 giant frogs
  A gnoll sergeant (D:8)
  A glowing shapeshifter simulacrum (Depths:1)
  8 scorpions
  A wyvern skeleton (D:8)
  3 killer bees (D:14)
  17 wights
  4 howler monkeys
  7 crimson imps
  2 centaur zombies
  4 jellies (D:13)
  A giant frog zombie (D:13)
  10 hounds
  4 giant frog skeletons
  11 orc priests
  3 centaur skeletons
  5 iguanas
  18 orc wizards
  11 worker ants
  A hound zombie (D:11)
  A hound skeleton (D:4)
  Robin (D:3)
  4 gnolls (D:8)
  12 adders
  2 shadow imps
  2 adder skeletons
  6 worms
  3 dart slugs
  3 giant geckos
  71 orcs
  2 giant cockroaches (D:3)
  13 goblins
  10 hobgoblins
  15 jackals
  6 quokkas
  3 ball pythons
  7 bats
  4 giant newts
  14 kobolds
  9 rats
  3 plants (D:12)
488 creatures vanquished.

Vanquished Creatures (collateral kills)
  A juggernaut zombie (D:15)
  An ugly thing (Depths:2)
  A spriggan zombie (D:15)
  A hippogriff (D:15)
4 creatures vanquished.

Vanquished Creatures (others)
  An ogre mage (Depths:1)
  A gargoyle (D:11)
  A kobold demonologist (D:11)
  A red devil (Depths:1)
  A troll (D:11)
  3 two-headed ogres (Depths:1)
  A porcupine (shapeshifter) (Depths:1)
  A black bear (D:11)
  4 ogres
  A shadow imp (D:11)
  3 withered plants (D:15)
18 creatures vanquished.

Grand Total: 510 creatures vanquished

Notes
Turn   | Place    | Note
--------------------------------------------------------------
     0 | D:1      | coolsiideri the Demonspawn Berserker began the quest for the Orb.
     0 | D:1      | Reached XP level 1. HP: 18/18 MP: 1/1
   207 | D:1      | HP: 1/27 [hobgoblin/club (2)]
   213 | D:1      | HP: 1/27 [dart slug (1)]
   214 | D:1      | Reached skill level 3 in Axes
   214 | D:1      | Gained mutation: You are partially covered in sharp spines. [demonic ancestry]
   214 | D:1      | Reached XP level 2. HP: 1/24 MP: 2/2
   634 | D:1      | Reached ** piety under Trog
   798 | D:1      | Gained mutation: You are mostly covered in sharp spines. [demonic ancestry]
   798 | D:1      | Reached XP level 3. HP: 28/29 MP: 3/3
   958 | D:2      | Found an iron altar of Okawaru.
  1250 | D:2      | Found a white marble altar of Elyvilon.
  1620 | D:3      | Reached XP level 4. HP: 22/35 MP: 4/4
  1796 | D:3      | Reached *** piety under Trog
  1951 | D:3      | Noticed Robin
  1978 | D:3      | Killed Robin
  1984 | D:3      | Reached XP level 5. HP: 41/41 MP: 5/5
  2022 | D:3      | Noticed Sigmund
  2044 | D:3      | Killed Sigmund
  2044 | D:3      | Reached skill level 4 in Axes
  2044 | D:3      | Reached skill level 1 in Stealth
  2044 | D:3      | Reached XP level 6. HP: 37/48 MP: 6/6
  2737 | D:4      | Noticed Blank's ghost (amateur MiGl)
  2751 | D:4      | Killed Blank's ghost
  2751 | D:4      | Reached skill level 5 in Dodging
  2751 | D:4      | Gained mutation: You are immune to rotting. [demonic ancestry]
  2751 | D:4      | Reached XP level 7. HP: 44/55 MP: 7/7
  2926 | D:4      | Found a shattered altar of Ashenzari.
  2990 | D:4      | Found a basalt altar of Yredelemnul.
  3017 | D:4      | Noticed Eustachio
  3027 | D:4      | Killed Eustachio
  3103 | D:4      | Noticed Edmund
  3118 | D:4      | Killed Edmund
  3118 | D:4      | Reached skill level 5 in Axes
  3334 | D:4      | Reached XP level 8. HP: 61/61 MP: 8/8
  3603 | D:4      | Reached skill level 5 in Fighting
  3776 | D:5      | Entered Level 5 of the Dungeon
  3868 | D:5      | Reached **** piety under Trog
  4552 | D:6      | Found a glowing golden altar of the Shining One.
  4569 | D:6      | Noticed Blork the orc
  4579 | D:6      | Killed Blork the orc
  4641 | D:6      | Found a glowing drain.
  4708 | D:6      | Reached skill level 6 in Axes
  4746 | D:6      | Reached skill level 5 in Armour
  4924 | D:6      | Gained mutation: You are surrounded by a mild repulsion field (EV +2). [demonic ancestry]
  4924 | D:6      | Reached XP level 9. HP: 68/68 MP: 9/9
  5423 | D:6      | Found a white marble altar of Elyvilon.
  5783 | D:7      | Noticed a troll
  5790 | D:7      | Killed a troll
  5845 | D:7      | Found a deep blue altar of Sif Muna.
  6198 | D:8      | Found a staircase to the Lair.
  6209 | D:8      | Found a sacrificial altar of Ru.
  6210 | D:8      | Noticed Psyche
  6252 | D:8      | Killed Psyche
  6252 | D:8      | Reached skill level 7 in Axes
  6260 | D:8      | Received a gift from Trog
  6490 | D:8      | Found a blossoming altar of Fedhas.
  6532 | D:8      | Gained mutation: You have sharp toenails. [mutagenic meat]
  6617 | D:8      | Gained mutation: You may emit foul miasma when damaged in melee. [demonic ancestry]
  6617 | D:8      | Reached XP level 10. HP: 77/77 MP: 10/10
  7673 | D:9      | Reached ***** piety under Trog
  7733 | D:9      | Reached skill level 8 in Axes
  7848 | D:9      | Found a glowing silver altar of Zin.
  7849 | D:9      | Found an opulent altar of Gozag.
  8303 | D:9      | Noticed a cyclops
  8323 | D:10     | Entered Level 10 of the Dungeon
  8560 | D:10     | Found a staircase to the Orcish Mines.
  8811 | D:10     | Noticed Maurice
  8845 | D:10     | Killed Maurice
  9279 | D:10     | Noticed a hill giant
  9293 | D:10     | Reached skill level 9 in Axes
  9301 | D:10     | Killed a hill giant
  9301 | D:10     | Gained mutation: You have a pair of small horns on your head. [demonic ancestry]
  9301 | D:10     | Reached XP level 11. HP: 58/86 MP: 11/11
  9840 | D:11     | Noticed a cyan ugly thing
 10115 | D:11     | Killed an unseen horror
 10183 | D:11     | Noticed a hill giant
 10191 | D:11     | Killed a hill giant
 10191 | D:11     | Received a gift from Trog
 10338 | D:11     | Noticed a cyan ugly thing
 10341 | D:12     | Found Eraluuv's Book Shoppe.
 10341 | D:12     | Noticed a hill giant
 10346 | D:12     | Killed a hill giant
 10398 | D:12     | Noticed a hill giant
 10404 | D:12     | Killed a hill giant
 10465 | D:12     | Found Ladial's General Store.
 10490 | D:12     | Bought a scroll of enchant armour for 90 gold pieces
 10540 | D:12     | Found Zujor's Magic Scroll Shop.
 10543 | D:12     | Bought a scroll of enchant armour for 120 gold pieces
 10543 | D:12     | Bought a scroll of identify for 32 gold pieces
 10543 | D:12     | Bought a scroll of identify for 32 gold pieces
 10543 | D:12     | Bought a scroll of identify for 32 gold pieces
 10578 | D:12     | Found Pum Deuny's Magic Scroll Shop.
 10612 | D:12     | Bought a scroll of identify for 22 gold pieces
 10612 | D:12     | Bought a scroll of identify for 22 gold pieces
 10612 | D:12     | Bought a scroll of remove curse for 33 gold pieces
 10612 | D:12     | Bought a scroll of remove curse for 33 gold pieces
 10648 | D:12     | Found Unekhlob's Assorted Antiques.
 10648 | D:12     | Noticed GordonOverkill's ghost (journeyman MiBe)
 10678 | D:12     | Killed GordonOverkill's ghost
 10678 | D:12     | Reached skill level 10 in Axes
 11110 | D:12     | Noticed a green ugly thing
 11118 | D:12     | Killed a green ugly thing
 11129 | D:12     | Gained mutation: You are dopey. (Int -2) [mutagenic meat]
 11130 | D:12     | Gained mutation: Your natural rate of healing is unusually fast. [mutagenic meat]
 11131 | D:12     | Gained mutation: You have very sharp teeth. [mutagenic meat]
 11493 | D:13     | Gained mutation: You have a pair of horns on your head. [demonic ancestry]
 11493 | D:13     | Reached XP level 12. HP: 93/95 MP: 12/12
 11494 | D:13     | Reached skill level 11 in Axes
 11560 | D:13     | Found a gate to the Vaults.
 11560 | D:13     | Noticed a vault guard
 11560 | D:13     | Noticed a vault guard
 11560 | D:13     | Noticed a vault guard
 11568 | D:13     | Killed a vault guard
 11574 | D:13     | Killed a vault guard
 11578 | D:13     | Killed a vault guard
 11578 | D:13     | Reached skill level 10 in Fighting
 11578 | D:13     | Reached skill level 10 in Armour
 11941 | D:13     | Reached skill level 12 in Axes
 11977 | D:13     | Noticed a centaur warrior
 11977 | D:13     | Noticed SexyTroll44's ghost (journeyman GrFi)
 11982 | D:13     | Killed a centaur warrior
 11999 | D:13     | Killed SexyTroll44's ghost
 12014 | D:13     | Found a viscous altar of Jiyva.
 12254 | D:14     | Noticed Roxanne
 12332 | D:14     | Noticed Maud
 12387 | D:14     | Killed Maud
 12387 | D:14     | Gained mutation: You are completely covered in sharp spines. [demonic ancestry]
 12387 | D:14     | Reached XP level 13. HP: 104/104 MP: 13/13
 12583 | D:14     | Noticed a salamander stormcaller
 12593 | D:14     | Killed a salamander stormcaller
 12827 | D:14     | Reached skill level 13 in Axes
 13430 | D:15     | Entered Level 15 of the Dungeon
 13536 | D:15     | Found Fuoric's Magic Scroll Emporium.
 13594 | D:15     | Bought 3 scrolls of identify for 96 gold pieces
 13594 | D:15     | Bought a scroll of remove curse for 48 gold pieces
 13594 | D:15     | Bought a scroll of identify for 32 gold pieces
 13594 | D:15     | Bought a scroll of identify for 32 gold pieces
 13704 | D:15     | Got a steaming platinum ring
 13711 | D:15     | Found a staircase to the Depths.
 14432 | D:15     | Noticed a fire dragon
 14444 | D:15     | Killed a fire dragon
 14699 | D:15     | Gained mutation: You are surrounded by a moderate repulsion field (EV +3). [demonic ancestry]
 14699 | D:15     | Reached XP level 14. HP: 113/114 MP: 14/14
 14985 | Depths:1 | Entered Level 1 of the Depths
 14985 | Depths:1 | Noticed a stone giant
 14998 | Depths:1 | Killed a stone giant
 15134 | Depths:1 | Found a one-way gate to the infinite horrors of the Abyss.
 15134 | Depths:1 | Noticed a stone giant
 15140 | Depths:1 | Killed a stone giant
 15167 | Depths:1 | Noticed a stone giant
 15181 | Depths:1 | Killed a stone giant
 15294 | Depths:1 | Reached skill level 14 in Axes
 15560 | Depths:1 | Noticed a fire giant
 15576 | Depths:1 | Killed a fire giant
 16003 | Depths:2 | Noticed a cyan very ugly thing
 16003 | Depths:2 | Noticed a purple very ugly thing
 16006 | Depths:2 | Noticed a brown very ugly thing
 16010 | Depths:2 | Killed a purple very ugly thing
 16011 | Depths:2 | Killed a cyan very ugly thing
 16020 | Depths:2 | Killed a cyan very ugly thing
 16023 | Depths:2 | HP: 4/116 [acid (8)]
 16037 | Depths:2 | HP: 2/116 [white ugly thing (9)]
 16037 | Depths:2 | Demolished by a white ugly thing

Skill      XL: |  1  2  3  4  5  6  7  8  9 10 11 12 13 14 |
---------------+-------------------------------------------+-----
Axes           | 3 4 5 6 7 9 10 12 13 14 | 14.3
Dodging        | 2 3 4 5 6 7 8 |  8.9
Stealth        | 1 2 3 |  3.4
Fighting       | 4 5 6 8 9 10 11 12 | 12.3
Armour         | 2 5 7 8 9 10 11 12 | 12.1

Action                   |  1- 3 |  4- 6 |  7- 9 | 10-12 | 13-15 || total
-------------------------+-------+-------+-------+-------+-------++-------
Melee: Hand axe          |    61 |    82 |    87 |       |       ||   230
       Battleaxe         |       |       |   109 |   422 |   283 ||   814
       Kick              |       |       |     3 |    72 |       ||    75
       Headbutt          |       |       |       |    58 |    72 ||   130
       Bite              |       |       |       |    13 |    48 ||    61
Invok: Berserk           |     1 |     3 |     5 |     7 |    10 ||    26
       Trog's Hand       |       |     3 |     5 |     8 |    11 ||    27
       Burn Spellbooks   |       |       |     1 |     1 |       ||     2
       Brothers in Arms  |       |       |       |       |     2 ||     2
  Use: Scroll            |       |     6 |     2 |    15 |     7 ||    30
 Stab: Sleeping          |     1 |       |       |       |       ||     1
  Eat: Chunk             |     3 |     6 |    15 |    16 |     8 ||    48
       Bread ration      |       |       |     1 |     4 |     4 ||     9
       Fruit             |       |       |     1 |     4 |     1 ||     6
Armor: Animal skin       |    10 |     8 |       |       |       ||    18
       Chain mail        |       |     9 |    76 |   217 |    89 ||   391
       Plate armour      |       |       |       |       |   115 ||   115
Dodge: Dodged            |    47 |    34 |   115 |   283 |   162 ||   641
